 Dungeon Crawl Stone Soup version 0.17.1-2-g5865329 (webtiles) character file.

123 NobbyNobbs the Shield-Bearer (level 5, 0/33 HPs)
             Began as a Gargoyle Fighter on Feb 1, 2016.
             Slain by a rat (1 damage)
             ... on level 3 of the Dungeon.
             The game lasted 00:01:35 (883 turns).

NobbyNobbs the Shield-Bearer (Gargoyle Fighter)      Turns: 883, Time: 00:01:37

Health: 0/33       AC: 11    Str: 25    XL:     5   Next: 7%
Magic:  5/5        EV:  8    Int:  9    God:
Gold:   63         SH: 10    Dex:  9    Spells: 0 memorised, 4 levels left

rFire  . . .     SeeInvis .     j - +0 short sword (venom)
rCold  . . .     Clarity  .     b - +0 scale mail
rNeg   + . .     SustAt   .     c - +0 shield
rPois  ∞         Gourm    .     (no helmet)
rElec  +         Spirit   .     (no cloak)
rCorr  .         Warding  .     (no gloves)
rMut   .         Stasis   .     (no boots)
MR     .....                    (no amulet)
Stlth  ..........               (no ring)
                                (no ring)

@: mighty, not resistant to hostile enchantments, extremely unstealthy
A: negative energy resistance 1, electricity resistance, unbreathing,
petrification resistance, rot immunity, AC +4
a: no special abilities


You were on level 3 of the Dungeon.
You were not hungry.

You visited 1 branch of the dungeon, and saw 3 of its levels.

You collected 63 gold pieces.

Inventory:

Hand Weapons
 a - a +0 rapier
 j - a +0 short sword of venom (weapon)
Armour
 b - a +0 scale mail (worn)
 c - a +0 shield (worn)
Jewellery
 m - an uncursed ring of positive energy {unknown}
Scrolls
 g - 5 scrolls of identify {unknown}
 h - a scroll of remove curse {unknown}
 l - 2 scrolls of recharging {unknown}
 n - a scroll of teleportation {unknown}
Potions
 i - a potion of agility {unknown}
 k - a potion of flight {unknown}
Comestibles
 e - 2 bread rations
 f - 2 fruits


   Skills:
 * Level 4.1 Fighting
 + Level 2.4 Short Blades
 + Level 3.8 Armour
 + Level 1.0 Dodging
 + Level 4.4 Shields


You had 4 spell levels left.
You didn't know any spells.

Dungeon Overview and Level Annotations

Branches:
Dungeon (3/15)

Altars:
Makhleb


Innate Abilities, Weirdness & Mutations

You are resistant to torment.
Your stone body is resilient (AC +4).
You are immune to poison.
You resist negative energy.
You are resistant to electric shocks.
You can survive without breathing.
You are immune to petrification.
You are immune to rotting.


Message History

An orc comes into view. It is wielding a falchion.
The orc shouts!
You puncture the orc priest!
You kill the orc priest!
Your Dodging skill increases to level 1!
You have reached level 5!
The orc hits you but does no damage. The rat barely misses you.
The worm barely misses you.
The orc priest hits you but does no damage.
You closely miss the orc priest.
The orc priest is lightly wounded.
The hobgoblin closely misses you. The rat closely misses you.
You block the orc's attack.
You puncture the orc priest!
The orc priest is heavily wounded.
The orc priest hits you but does no damage.
The hobgoblin hits you.
* * * LOW HITPOINT WARNING * * *
The rat bites you.
You die...

#.... .##
#...# ..
#...#.o
#...#.#
#.<.o.#
#...o# #og.#
#w@)#
......ro.#
......#....
......######
..... .....
.(.. ....


You could see a worm, an orc priest, an orc wizard, 3 orcs, a hobgoblin and a
rat.

Vanquished Creatures
  A hound (D:2)
  An orc priest (D:3)
  2 adders (D:2)
  An ooze (D:2)
  A worm (D:2)
  A giant gecko (D:1)
  A ball python (D:2)
  A giant cockroach (D:2)
  8 goblins
  5 hobgoblins
  5 bats
  A giant newt (D:2)
  8 kobolds
  3 rats (D:1)
39 creatures vanquished.

Notes
Turn   | Place    | Note
--------------------------------------------------------------
     0 | D:1      | NobbyNobbs the Gargoyle Fighter began the quest for the Orb.
     0 | D:1      | Reached XP level 1. HP: 14/14 MP: 1/1
    75 | D:1      | Reached XP level 2. HP: 14/19 MP: 2/2
   483 | D:1      | Reached XP level 3. HP: 20/24 MP: 3/3
   672 | D:2      | Found a burning altar of Makhleb.
   682 | D:2      | Reached skill level 4 in Fighting
   682 | D:2      | Reached XP level 4. HP: 24/29 MP: 4/4
   875 | D:2      | You fall through a shaft!
   881 | D:3      | Reached skill level 1 in Dodging
   881 | D:3      | Reached XP level 5. HP: 2/33 MP: 5/5
   883 | D:3      | HP: 1/33 [hobgoblin (1)]
   883 | D:3      | Slain by a rat

Action                   |  1- 3 |  4- 6 || total
-------------------------+-------+-------++-------
Melee: Rapier            |    46 |       ||    46
       Short sword       |    44 |    54 ||    98
  Use: Potion            |       |     1 ||     1
